 Dungeon Crawl Stone Soup version 0.29.1 (webtiles) character file.

Game seed: 15116405270035299349

1199 blackman the Trooper (level 8, -1/65 HPs)
             Began as a Demonspawn Delver on Sept 12, 2022.
             Slain by an orc warrior
             ... wielding a +2 war axe of electrocution
              (11 damage)
             ... on level 6 of the Dungeon.
             The game lasted 00:16:54 (5427 turns).

blackman the Trooper (Demonspawn Delver)            Turns: 5427, Time: 00:16:55

Health: -1/65      AC: 14    Str: 16    XL:     8   Next: 20%
Magic:  0/8        EV:  9    Int: 11    God:
Gold:   273        SH:  0    Dex: 14    Spells: 7/7 levels left

rFire   . . .      SeeInvis .   D - +4 halberd
rCold   + . .      Faith    .   (shield currently unavailable)
rNeg    . . .      Spirit   +   p - +4 scale mail {rC+}
rPois   .          Reflect  .   E - +2 hat
rElec   .          Harm     .   (no cloak)
rCorr   .          Rampage  .   i - +0 pair of gloves
Will    .....                   (no boots)
Stlth   +.........              z - amulet of magic regeneration
HPRegen 0.20/turn               (no ring)
MPRegen 0.62/turn               (no ring)

@: no status effects
A: demonic guardian 1, magic shield, magic regeneration, sharp scales 1,
weakness stinger 2
a: no special abilities


You were on level 6 of the Dungeon.
You visited 1 branch of the dungeon, and saw 6 of its levels.
You also visited: Sewer.

You collected 273 gold pieces.

Inventory:

Hand Weapons
 a - a +0 hand axe
 k - a +0 halberd
 D - a +4 halberd (weapon)
Armour
 b - a +0 leather armour
 i - a +0 pair of gloves (worn)
 p - a +4 scale mail of cold resistance (worn)
 E - a +2 hat (worn)
Jewellery
 z - an amulet of magic regeneration (around neck)
Wands
 g - a wand of digging (3)
 h - a wand of acid (12)
Scrolls
 c - a scroll of fog
 e - 2 scrolls of fear
 j - 2 scrolls of amnesia {unknown}
 m - 2 scrolls of torment {unknown}
 n - 5 scrolls of identify {unknown}
 q - a scroll of silence
 r - a scroll of blinking
 t - 2 scrolls of teleportation
 v - a scroll of enchant armour {unknown}
 x - a scroll of brand weapon {unknown}
 y - a scroll of magic mapping
 B - a scroll of poison {unknown}
 C - 3 scrolls of enchant weapon {unknown}
 G - a scroll of acquirement {unknown}
 I - a scroll of immolation {unknown}
Potions
 d - 4 potions of attraction {unknown}
 f - a potion of haste
 l - 2 potions of lignification {unknown}
 o - 3 potions of curing {unknown}
 s - 2 potions of mutation {unknown}
 u - a potion of ambrosia {unknown}
 w - a potion of flight {unknown}
 A - 2 potions of degeneration {unknown}
 F - a potion of resistance {unknown}
 H - a potion of heal wounds {unknown}


   Skills:
 - Level 6.9 Fighting
 - Level 5.0(6.0) Axes
 * Level 4.9(5.9) Polearms
 - Level 1.7 Dodging
 - Level 4.5 Stealth


You had 7 spell levels left.
You didn't know any spells.
Your spell library was empty.

Dungeon Overview and Level Annotations

Branches:
Dungeon (6/15)              Sewer (visited)
 Temple: D:4-7

Altars:
Yredelemnul

Shops:
D:2 *


Innate Abilities, Weirdness & Mutations

A weak demonic guardian rushes to your aid.
When hurt, damage is shared between your health and your magic reserves.
You regenerate magic rapidly.
You are partially covered in razor-sharp scales. (AC +1, Slay +1)
You have a tail ending in a sharp stinger.


Message History

The orc hits you but does no damage.
You puncture the orc!
You kill the orc!
The orc priest looks encouraged for a moment.
The orc warrior unwields a +2 war axe of electrocution.
It stops crackling.
The orc warrior wields a +0 arbalest.
The orc warrior shoots a bolt.
The bolt hits you.
You closely miss the orc priest.
The orc priest is almost dead.
You closely miss the orc warrior.
Your tail-slap misses the orc warrior.
The orc warrior unwields a +0 arbalest.
The orc warrior wields a +2 war axe of electrocution.
You hear the crackle of electricity.
The orc warrior hits you with a +2 war axe of electrocution.
You slash the orc warrior!
Your tail-slap misses the orc warrior.
The orc warrior is heavily wounded.
The orc priest calls upon Beogh to heal the orc warrior.
The orc warrior is healed somewhat.
The orc warrior closely misses you.
You slash the orc warrior!
Your tail-slap misses the orc warrior.
The orc warrior is severely wounded.
The orc warrior hits you with a +2 war axe of electrocution!
You are electrocuted!
You hit the orc warrior.
The orc warrior is almost dead.
The orc warrior hits you with a +2 war axe of electrocution!
You are too injured to fight recklessly!
You are too injured to fight recklessly!
You are too injured to fight recklessly!
You are too injured to fight recklessly!
You barely miss the orc warrior.
The orc warrior is almost dead.
The orc warrior hits you with a +2 war axe of electrocution.
You closely miss the orc warrior.
The orc warrior is almost dead.
The orc warrior hits you with a +2 war axe of electrocution.
You are electrocuted!!
* * * LOW HITPOINT WARNING * * *
A demonic guardian appears!
The orc warrior hits you with a +2 war axe of electrocution!
You die...

###########
####
#....5.@oo#
...
#..######o#
##.#### ##.##
#.###.....###
##...##
#.oo.o.......
#.....#
#.#o#.....#
#..†..#
#.........#
#.....#
#.#.#.##.o...
##...##
#.#.#.# ...
#.....#
..#.#.#..# #


You could see an orc warrior (ally target), an orc priest, an orc and a friendly
shadow imp (summoned).

Vanquished Creatures
  Edmund (D:4)
  An orc warrior (D:5)
  2 bullfrogs (Sewer)
  A necrophage (D:4)
  A scorpion (D:4)
  3 wights (D:4)
  A jelly (D:4)
  An orc priest (D:5)
  2 hounds (D:5)
  4 iguanas
  An orc wizard (D:6)
  3 gnolls (D:4)
  6 adders
  A white imp (D:5)
  3 dart slugs
  8 orcs
  9 ball pythons
  3 bats
  6 endoplasms
  14 giant cockroaches
  6 hobgoblins
  6 jackals
  5 kobolds
  7 quokkas
  8 frilled lizards
  9 goblins
  3 rats (D:1)
115 creatures vanquished.

Vanquished Creatures (collateral kills)
  2 wights (D:4)
  A hound (D:5)
  An orc (D:5)
  A giant cockroach (Sewer)
5 creatures vanquished.

Grand Total: 120 creatures vanquished

Notes
Turn   | Place    | Note
-------+----------+-------------------------------------------
     0 | D:5      | blackman the Demonspawn Delver began the quest for the Orb.
     0 | D:5      | Reached XP level 1. HP: 18/18 MP: 1/1
    36 | D:5      | Noticed an iguana
    56 | D:5      | Killed an iguana
    57 | D:5      | Gained mutation: A weak demonic guardian rushes to your
                  | aid. [demonic ancestry]
    57 | D:5      | Reached XP level 2. HP: 24/24 MP: 2/2
   138 | D:5      | Gained mutation: You have a small tail. [demonic ancestry]
   138 | D:5      | Reached XP level 3. HP: 18/29 MP: 3/3
   365 | D:5      | Noticed an orc warrior
   384 | D:5      | Killed an orc warrior
   385 | D:5      | Gained mutation: You regenerate magic rapidly. [demonic
                  | ancestry]
   385 | D:5      | Reached XP level 4. HP: 35/35 MP: 4/4
   392 | D:5      | Reached skill level 5 in Axes
   392 | D:5      | Gained mutation: When hurt, damage is shared between your
                  | health and your magic reserves. [demonic ancestry]
   392 | D:5      | Reached XP level 5. HP: 26/41 MP: 5/5
   641 | D:5      | Reached skill level 1 in Polearms
  1227 | D:4      | Gained mutation: You are partially covered in razor-sharp
                  | scales. (AC +1, Slay +1) [demonic ancestry]
  1227 | D:4      | Reached XP level 6. HP: 36/47 MP: 4/6
  1247 | D:4      | Found a glowing drain.
  1261 | D:4      | Noticed Edmund
  1272 | D:4      | Killed Edmund
  1319 | Sewer    | Entered a sewer
  1660 | Sewer    | Reached XP level 7. HP: 45/53 MP: 5/7
  1663 | Sewer    | Reached skill level 4 in Fighting
  2121 | D:4      | Reached skill level 5 in Fighting
  3115 | D:2      | Found Toed's General Store.
  4013 | D:1      | Found a faded altar of an unknown god.
  4315 | D:4      | Reached skill level 6 in Fighting
  4338 | D:4      | Gained mutation: You have a tail ending in a sharp stinger.
                  | [demonic ancestry]
  4338 | D:4      | Reached XP level 8. HP: 5/64 MP: 4/8
  5386 | D:6      | Found a basalt altar of Yredelemnul.
  5427 | D:6      | Slain by an orc warrior

Illustrated notes

Levels and vault maps discovered:
D:1:      dpeg_arrival_snail, layout_basic,
          hellmonk_ecumenical_altar_pennies_from_heaven
D:2:      layout_basic, serial_shops, shop
D:3:      layout_basic
D:4:      layout_gridville, zin_academy, gup_sewer_entry_glass, uniq_edmund
D:5:      layout_cave_pods
D:6:      layout_loops_ring, marbit_many_paths, minmay_temple_entry_antechambers

Skill      XL: |  1  2  3  4  5  6  7 |
---------------+----------------------+-----
Axes           | 3 4 5 |  5.0
Polearms       | 3 4 |  4.9
Fighting       | 6 |  6.9
Dodging        | |  1.7
Stealth        | |  4.5

Action                   |  1- 3 |  4- 6 |  7- 9 || total
-------------------------+-------+-------+-------++-------
Melee: Hand axe          |     9 |     3 |       ||    12
       Halberd           |       |    54 |    49 ||   103
       Tailslap          |       |     9 |    19 ||    28
       Flail             |       |    67 |   149 ||   216
       Punch             |       |     1 |     1 ||     2
Evoke: Wand              |     5 |     2 |     2 ||     9
  Use: Scroll            |     1 |       |     3 ||     4
 Stab: Distracted        |       |     1 |       ||     1
       Sleeping          |       |     1 |     3 ||     4
Armor: Leather armour    |     8 |    22 |       ||    30
       Scale mail        |       |    42 |   144 ||   186
Dodge: Dodged            |    17 |    71 |    85 ||   173
